 Dungeon Crawl Stone Soup version 0.23.2-30-g0e89c35649 (webtiles) character file.

Game seed: 1339202373688542798

86 redwoodhats the Grave Robber (level 4, -4/30 HPs)
             Began as a Demonspawn Necromancer on June 22, 2019.
             Slain by a centaur
             ... wielding a cursed -2 shortbow
              (7 damage)
             ... on level 5 of the Dungeon.
             The game lasted 00:12:25 (1889 turns).

redwoodhats the Grave Robber (DsNe)                 Turns: 1889, Time: 00:12:25

Health: -4/30      AC:  2    Str:  8    XL:     4   Next: 27%
Magic:  3/9        EV: 12    Int: 18    God:
Gold:   27         SH:  0    Dex: 13    Spells: 7/9 levels left

rFire    . . .     SeeInvis .   d - +2 short sword (protect)
rCold    . . .     Gourm    .   (no shield)
rNeg     . . .     Faith    .   a - +0 robe
rPois    .         Spirit   .   (no helmet)
rElec    .         Reflect  .   (no cloak)
rCorr    .         Harm     .   (no gloves)
MR       .....                  (no boots)
Stlth    ++........             (no amulet)
HPRegen  0.10/turn              (no ring)
MPRegen  0.11/turn              (no ring)

@: very slightly contaminated
A: talons 1, rot immunity
a: no special abilities


You were on level 5 of the Dungeon.
You were not hungry.

You visited 1 branch of the dungeon, and saw 4 of its levels.

You collected 27 gold pieces.

Inventory:

Hand Weapons
 d - a +2 short sword of protection (weapon)
 f - a +0 long sword
 j - a +1 whip of draining
Armour
 a - a +0 robe (worn)
Scrolls
 g - a scroll of blinking
 h - 2 scrolls of remove curse
Potions
 i - a potion of agility
Comestibles
 b - 8 chunks of flesh
 c - 3 rations


   Skills:
 + Level 0.3 Short Blades
 + Level 1.8 Dodging
 + Level 2.0 Stealth
 + Level 3.4 Spellcasting
 + Level 5.1 Necromancy


You had 7 spell levels left.
You knew the following spells:

 Your Spells              Type           Power        Failure   Level  Hunger
a - Pain                  Necr           ###.         1%          1    None
b - Animate Skeleton      Necr           N/A          1%          1    None

Your spell library contained the following spells:

 Spells                   Type           Power        Failure   Level  Hunger
 Vampiric Draining        Necr           ###.......   6%          3    ###....
 Regeneration             Chrm/Necr      ##........   16%         3    ###....
 Animate Dead             Necr           N/A          19%         4    ####...


Dungeon Overview and Level Annotations

Branches:
Dungeon (3/15)

Altars:
Nemelex Xobeh
Zin


Innate Abilities, Weirdness & Mutations

You have sharp toenails.
You are immune to rotting.


Message History

Aim: a centaur, wielding a -2 shortbow (moderately wounded, chance to defeat MR: 80%)
The centaur writhes in agony.
The centaur hits you with a cursed -2 shortbow.
Some of the chunks of flesh in your inventory have rotted away.
Casting: Pain (safe; 1% risk of failure)
Confirm with . or Enter, or press ? or * to list all spells.
Aiming: Pain (safe; 1% risk of failure)
Press: ? - help, Shift-Dir - straight line, f/p - centaur
Aim: a centaur, wielding a -2 shortbow (moderately wounded, chance to defeat MR: 80%)
The centaur writhes in agony!
The centaur barely misses you.
Casting: Pain (safe; 1% risk of failure)
Confirm with . or Enter, or press ? or * to list all spells.
Aiming: Pain (safe; 1% risk of failure)
Press: ? - help, Shift-Dir - straight line, f/p - centaur
Aim: a centaur, wielding a -2 shortbow (severely wounded, chance to defeat MR: 80%)
The centaur writhes in agony.
The centaur hits you with a cursed -2 shortbow.
* * * LOW HITPOINT WARNING * * *
The centaur hits you with a cursed -2 shortbow!
You die...

#..........
#....# ####...#
####.....[##
##..Z.......###
#..####.......#
#(.## ##.....##
##..# ##...##
##@## #####
##c### ##(.##
##(.# #....#
#..### #.## #..
###


You could see a centaur.

Vanquished Creatures
  2 adders
  2 worms (D:2)
  A dart slug (D:1)
  2 leopard geckos (D:3)
  An orc (D:5)
  6 bats
  3 giant cockroaches (D:1)
  5 goblins
  3 hobgoblins (D:1)
  6 jackals
  2 quokkas (D:2)
  4 frilled lizards
  A kobold (D:2)
  A leopard gecko skeleton (D:5)
  3 rats
42 creatures vanquished.

Vanquished Creatures (collateral kills)
  3 worms (D:2)
  A bat (D:1)
  A kobold (D:1)
  A ball python (D:1)
  2 frilled lizards
  A rat (D:1)
9 creatures vanquished.

Grand Total: 51 creatures vanquished

Notes
Turn   | Place    | Note
-------+----------+-------------------------------------------
     0 | D:1      | redwoodhats the Demonspawn Necromancer began the quest for
                  | the Orb.
     0 | D:1      | Reached XP level 1. HP: 13/13 MP: 3/3
     3 | D:1      | Learned a level 1 spell: Animate Skeleton
   219 | D:1      | Gained mutation: You have sharp toenails. [demonic
                  | ancestry]
   219 | D:1      | Reached XP level 2. HP: 14/19 MP: 3/5
   861 | D:2      | Gained mutation: You are immune to rotting. [demonic
                  | ancestry]
   861 | D:2      | Reached XP level 3. HP: 24/24 MP: 3/6
   929 | D:2      | Reached skill level 5 in Necromancy
   976 | D:2      | Found a glowing silver altar of Zin.
  1177 | D:2      | Found a sparkling altar of Nemelex Xobeh.
  1645 | D:3      | Reached XP level 4. HP: 22/30 MP: 4/8
  1754 | D:3      | Found a faded altar of an unknown god.
  1761 | D:3      | You fall through a shaft for 2 floors!
  1761 | D:5      | Entered Level 5 of the Dungeon
  1872 | D:5      | Noticed a centaur
  1889 | D:5      | Slain by a centaur

Skill      XL: |  1  2  3 |
---------------+----------+-----
Stealth        | 2 |  2.0
Necromancy     | 5 |  5.1
Spellcasting   | 3 |  3.4
Short Blades   | |  0.3
Dodging        | |  1.8

Action                   |  1- 3 |  4- 6 || total
-------------------------+-------+-------++-------
Melee: Unarmed           |     2 |       ||     2
       Short sword       |    39 |    11 ||    50
       Kick              |     6 |     6 ||    12
 Cast: Pain              |    46 |    15 ||    61
       Animate Skeleton  |    16 |     5 ||    21
  Use: Scroll            |     5 |     1 ||     6
       Potion            |     2 |       ||     2
 Stab: Sleeping          |     1 |       ||     1
  Eat: Chunk             |     3 |     1 ||     4
Armor: Robe              |    13 |     2 ||    15
Dodge: Dodged            |    36 |    18 ||    54
